 Dungeon Crawl Stone Soup version 0.30-a0-169-g06f667207d (webtiles) character file.

Game seed: 10366860553615358743

248 qw the Chopper (level 6, -5/38 HPs)
             Began as a Gargoyle Fighter on Sept 29, 2022.
             Slain by a wight
             ... wielding a +3 halberd of freezing
              (7 damage)
             ... on level 4 of the Dungeon.
             The game lasted 00:00:59 (2216 turns).

qw the Chopper (Gargoyle Fighter)                   Turns: 2216, Time: 00:01:00

Health: -5/38      AC: 14    Str: 21    XL:     6   Next: 12%
Magic:  6/6        EV:  9    Int:  9    God:
Gold:   227        SH:  4    Dex:  9    Spells: 5/5 levels left

rFire   . . .      SeeInvis .    Y - +0 war axe (freeze)
rCold   . . .      Faith    .    c - +0 buckler
rNeg    + . .      Spirit   .    b - +0 scale mail
rPois   inf        Reflect  .    n - +0 helmet
rElec   +          Harm     .    (no cloak)
rCorr   .          Rampage  .    e - +0 pair of gloves
Will    .....                    f - +0 pair of boots
Stlth   ..........               (no amulet)
HPRegen 0.12/turn                (no ring)
MPRegen 0.10/turn                (no ring)

@: no status effects
A: sickness immunity, AC +4, negative energy resistance 1, electricity
resistance, torment resistance 1, petrification resistance
a: no special abilities


You were on level 4 of the Dungeon.
You visited 1 branch of the dungeon, and saw 4 of its levels.

You collected 227 gold pieces.


Innate Abilities, Weirdness & Mutations

You are immune to sickness and miasma.
Your stone body is resilient. (AC +4)
You are immune to poison.
You resist negative energy. (rN+)
You are resistant to electric shocks. (rElec)
You are resistant to unholy torment.
You are immune to petrification.


   Skills:
 - Level 4.0 Fighting
 - Level 5.3 Axes
 - Level 3.2 Armour
 + Level 0.0 Dodging
 - Level 3.2 Shields


You had 5 spell levels left.
You didn't know any spells.
Your spell library was empty.

Inventory:

Hand Weapons
 p - a +0 flail
 Y - a +0 war axe of freezing (weapon)
Armour
 b - a +0 scale mail (worn)
 c - a +0 buckler (worn)
 e - a +0 pair of gloves (worn)
 f - a +0 pair of boots (worn)
 n - a +0 helmet (worn)
Jewellery
 m - a ring of fire
 o - a ring of flight
Scrolls
 l - 3 scrolls of identify
Potions
 a - a potion of haste
 d - 2 potions of might
 g - 2 potions of heal wounds
 h - a potion of magic {unknown}
 i - 2 potions of curing
 j - a potion of cancellation {unknown}
 k - a potion of attraction {unknown}
 q - a potion of mutation

Dungeon Overview and Level Annotations

Branches:
Dungeon (4/15)
 Temple: D:4-7

Altars:
Okawaru


Message History

You barely miss the wight. x2
The wight hits you but does no damage.
The wight hits you with a +4 dire flail.
The wight hits you but does no damage. The wight misses you.
The wight hits you but does no damage.
The wight hits you from afar with a +3 halberd of freezing.
The wight freezes you. You block the wight's attack.
The wight barely misses you.
You hit the wight.
The wight is severely damaged.
You barely miss the wight. You closely miss the wight.
The wight hits you but does no damage. The wight barely misses you.
You block the wight's attack.
The wight hits you with a +5 dagger of freezing.
The wight freezes you.
You barely miss the wight.
The wight is severely damaged.
You barely miss the wight. You hit the wight.
The wight hits you with a +0 dagger! The wight barely misses you.
The wight hits you from afar with a +3 halberd of freezing.
The wight freezes you. The wight misses you.
2215 ||| DRINKING 3 potions of heal wounds.
You feel much better. The wight barely misses you.
The wight hits you with a +4 dire flail!
The wight hits you from afar with a +3 halberd of freezing.
The wight freezes you. The wight hits you but does no damage.
You closely miss the wight.
The wight is severely damaged.
You barely miss the wight. You closely miss the wight.
You block the wight's attack.
The wight hits you with a +4 dire flail.
The wight hits you from afar with a +3 halberd of freezing.
The wight freezes you.
The wight hits you with a +5 dagger of freezing.
The wight freezes you. The wight hits you but does no damage.
The wight hits you with a +5 dagger of freezing.
The wight freezes you.
The wight hits you from afar with a +3 halberd of freezing!
You die...

>...##### #.......# #.#.
.##.....###.......###.#.
..........'.......+.....
.######.###.......#####.
#####'###..#+#..# #..
#.......+..+ +..+ +..
#....$..#..# ..# #..
#.......#### ### ###
#..!z@z.# +....z).#
#....z..# #.......#
#...?...# #.......#
##+##.... #.....


You could see 4 wights.

Vanquished Creatures
  A necrophage (D:4)
  A jelly (D:4)
  A gnoll (D:1)
  8 adders
  7 orcs
  3 ball pythons
  3 endoplasms
  7 goblins
  10 hobgoblins
  3 quokkas
  7 bats
  A frilled lizard (D:1)
  7 kobolds
  9 rats
68 creatures vanquished.

Notes
Turn   | Place    | Note
-------+----------+-------------------------------------------
     0 | D:1      | qw the Gargoyle Fighter began the quest for the Orb.
     0 | D:1      | Reached XP level 1. HP: 14/14 MP: 1/1
     0 | D:1      | 0 ||| qw: Version: 0.2-a-12-gaebbb33
     0 | D:1      | 0 ||| qw: Game counter: 1276
     0 | D:1      | 0 ||| qw: Always use a shield: true
     0 | D:1      | 0 ||| qw: God list: Okawaru
     0 | D:1      | 0 ||| qw: Allow faded altars: false
     0 | D:1      | 0 ||| qw: Do Orc after D:15 true
     0 | D:1      | 0 ||| qw: Do second Lair branch before Depths: true
     0 | D:1      | 0 ||| qw: Lair rune preference: random
     0 | D:1      | 0 ||| qw: Plans: Normal, Zot:1-4, God:TSO, Crypt, Tomb,
                  | Pan, Slime:5, Hells, Abyss, Orb
     0 | D:1      | 0 ||| PLANNING D:1-11
    18 | D:1      | Reached skill level 2 in Axes
   154 | D:1      | Reached XP level 2. HP: 19/19 MP: 2/2
   267 | D:1      | Reached skill level 3 in Axes
   526 | D:1      | Reached XP level 3. HP: 23/23 MP: 3/3
   723 | D:1      | 723 ||| Stepping ~*~*~tactically~*~*~ (stealth).
   796 | D:1      | 796 ||| UPGRADING to +0 pair of gloves.
   801 | D:1      | 801 ||| READING 2 scrolls labelled GUTUEL UQYCHO.
   802 | D:1      | 802 ||| READING scroll labelled JIOTAR CUVIA.
   803 | D:1      | 803 ||| DRINKING 2 clear potions.
   804 | D:1      | 804 ||| DROPPING scroll of immolation.
  1020 | D:2      | 1020 ||| Stepping ~*~*~tactically~*~*~ (stealth).
  1025 | D:2      | 1025 ||| Stepping ~*~*~tactically~*~*~ (stealth).
  1088 | D:2      | 1088 ||| Stepping ~*~*~tactically~*~*~ (stealth).
  1092 | D:2      | Reached XP level 4. HP: 28/28 MP: 4/4
  1188 | D:2      | Reached skill level 4 in Axes
  1382 | D:2      | 1382 ||| UPGRADING to +0 helmet.
  1387 | D:2      | 1387 ||| READING scroll labelled SOADGH XAZOJ.
  1388 | D:2      | 1388 ||| READING scroll labelled LAEWEKK BOXEUDI.
  1392 | D:2      | 1392 ||| DRINKING 2 fuming emerald potions.
  1393 | D:2      | 1393 ||| READING 5 scrolls of identify.
  1393 | D:2      | 1393 ||| IDENTIFYING puce potion
  1394 | D:2      | 1394 ||| READING 4 scrolls of identify.
  1394 | D:2      | 1394 ||| IDENTIFYING black potion
  1395 | D:2      | 1395 ||| READING 3 scrolls of identify.
  1395 | D:2      | 1395 ||| IDENTIFYING grey potion
  1396 | D:2      | 1396 ||| READING 2 scrolls of identify.
  1396 | D:2      | 1396 ||| IDENTIFYING fizzy black potion
  1397 | D:2      | 1397 ||| DROPPING potion of invisibility.
  1398 | D:2      | 1398 ||| DROPPING potion of flight.
  1399 | D:2      | 1399 ||| DROPPING potion of berserk rage.
  1539 | D:3      | 1539 ||| DROPPING +0 club.
  1546 | D:3      | 1546 ||| Stepping ~*~*~tactically~*~*~ (stealth).
  1628 | D:3      | 1628 ||| Stepping ~*~*~tactically~*~*~ (stealth).
  1640 | D:3      | Reached XP level 5. HP: 32/32 MP: 5/5
  1642 | D:3      | 1642 ||| DROPPING +0 whip.
  1982 | D:3      | 1982 ||| UPGRADING to +0 pair of boots.
  1987 | D:3      | 1987 ||| READING scroll labelled WISMEO VIOTS.
  1988 | D:3      | 1988 ||| READING scroll labelled OBLYGHINICW.
  1989 | D:3      | 1989 ||| READING scroll labelled OSMOCE FEEGASM.
  1990 | D:3      | 1990 ||| READING 3 scrolls of identify.
  1990 | D:3      | 1990 ||| IDENTIFYING dark potion
  2023 | D:4      | Found an iron altar of Okawaru.
  2135 | D:4      | Reached skill level 5 in Axes
  2201 | D:4      | Reached XP level 6. HP: 38/38 MP: 6/6
  2214 | D:4      | HP: 8/38 [wight/+3 halberd of freezing (2)]
  2215 | D:4      | 2215 ||| DRINKING 3 potions of heal wounds.
  2216 | D:4      | HP: 3/38 [wight/+5 dagger of freezing (6)]
  2216 | D:4      | Slain by a wight

Levels and vault maps discovered:
D:1:      grunt_arrival_crossed_arrows, layout_rooms
D:2:      cheibrodos_greedy_goblins, layout_rooms,
          chequers_serial_rivers_room_a, kennysheep_minor_cross
D:3:      layout_basic, corexii_shack
D:4:      layout_basic, kennysheep_mini, amcnicky_altar_gilded, dk_vineyard_2

Skill      XL: |  1  2  3  4  5  6 |
---------------+-------------------+-----
Axes           | 2 3 4 5 |  5.3
Fighting       | 4 |  4.0
Armour         | |  3.2
Shields        | |  3.2

Action                   |  1- 3 |  4- 6 || total
-------------------------+-------+-------++-------
Melee: War axe           |    94 |   103 ||   197
  Use: Scroll            |     2 |    10 ||    12
       Potion            |     1 |     2 ||     3
Armor: Scale mail        |    49 |    59 ||   108
Dodge: Dodged            |    42 |    44 ||    86
Block: Buckler           |    17 |    24 ||    41

Table legend:
 A = Non-vault XP
 B = Vault XP
 C = Vault XP percentage of total XP
 D = Non-vault monster count
 E = Vault monster count
 F = Vault count percentage of total count
                 A         B        C        D         E       F
            +---------+---------+-------+---------+---------+-------
      Total |     334 |      21 |   5.9 |      58 |      10 |  14.7
            +---------+---------+-------+---------+---------+-------
        D:1 |      44 |       0 |   0.0 |      20 |       0 |   0.0
        D:2 |      58 |      18 |  23.7 |      16 |       9 |  36.0
        D:3 |      48 |       3 |   5.9 |      11 |       1 |   8.3
        D:4 |     184 |       0 |   0.0 |      11 |       0 |   0.0
            +---------+---------+-------+---------+---------+-------
